 Dungeon Crawl Stone Soup version 0.28.0-62-gf88900778d (webtiles) character file.

Game seed: 13009307990835190426

77 cbfl8 the Covered (level 4, -15/40 HPs)
             Began as a Minotaur Fighter on July 7, 2023.
             Killed from afar by Ijyb (18 damage)
             ... with a bolt of acid
             ... on level 3 of the Dungeon.
             The game lasted 00:01:41 (3131 turns).

cbfl8 the Covered (Minotaur Fighter)                Turns: 3131, Time: 00:01:42

Health: -15/40     AC:  7    Str: 20    XL:     4   Next: 13%
Magic:  3/3        EV:  9    Int:  5    God:
Gold:   117        SH:  5    Dex: 12    Spells: 3/3 levels left

rFire   . . .      SeeInvis .   a - +0 war axe
rCold   . . .      Faith    .   c - +0 buckler
rNeg    . . .      Spirit   .   b - +0 scale mail
rPois   .          Reflect  .   (helmet restricted)
rElec   .          Harm     .   (no cloak)
rCorr   .          Rampage  .   (no gloves)
Will    .....                   (no boots)
Stlth   ..........              (no amulet)
HPRegen 0.13/turn               (no ring)
MPRegen 0.08/turn               (no ring)

@: no status effects
A: horns 2, retaliatory headbutt
a: no special abilities


You were on level 3 of the Dungeon.
You visited 1 branch of the dungeon, and saw 3 of its levels.

You collected 117 gold pieces.

Inventory:

Hand Weapons
 a - a +0 war axe (weapon)
Armour
 b - a +0 scale mail (worn)
 c - a +0 buckler (worn)
Scrolls
 g - a scroll of identify {unknown}
Potions
 d - a potion of might
 e - a potion of berserk rage {unknown}
 f - a potion of heal wounds {unknown}
 h - a potion of curing {unknown}


   Skills:
 + Level 3.9 Fighting
 + Level 3.4 Axes
 * Level 0.4 Throwing
 + Level 4.2 Armour
 + Level 0.8 Dodging
 + Level 0.1 Stealth
 + Level 4.0 Shields
 * Level 1.1 Evocations


You had 3 spell levels left.
You didn't know any spells.
Your spell library contained the following spells:

 Spells                   Type           Power      Damage    Failure   Level
 Corpse Rot               Necr/Air       0%         N/A       96%         2
 Ensorcelled Hibernation  Hex/Ice        0%         N/A       96%         2
 Passwall                 Tmut/Erth      0%         N/A       96%         2
 Poisonous Vapours        Pois/Air       0%         N/A       96%         2
 Conjure Flame            Conj/Fire      0%         6-21      99%         3
 Frozen Ramparts          Ice            0%         1d2       99%         3
 Ignite Poison            Fire/Tmut/Pois 0%         N/A       99%         3
 Swiftness                Air            0%         N/A       99%         3
 Ice Form                 Ice/Tmut       0%         N/A       100%        4
 Sticky Flame             Conj/Fire      0%         2d3       100%        4
 Summon Ice Beast         Ice/Summ       0%         N/A       100%        4
 Blade Hands              Tmut           0%         N/A       100%        5
 Irradiate                Conj/Tmut      0%         3d14      100%        5
 Conjure Ball Lightning   Conj/Air       0%         3x3d6     100%        6
 Dragon Form              Tmut           0%         N/A       100%        7
 Discord                  Hex            0%         N/A       100%        8
 Disjunction              Tloc           0%         N/A       100%        8


Dungeon Overview and Level Annotations

Branches:
Dungeon (3/15)

Altars:
Sif Muna

Annotations:
D:3 Ijyb


Innate Abilities, Weirdness & Mutations

You have a pair of horns on your head.
You reflexively headbutt those who attack you in melee.


Message History

There are monsters nearby!
You are too injured to fight recklessly!
There is an escape hatch in the ceiling here.
A mysterious force pulls you upwards. The hatch slams shut behind you.
You start resting.
You are no longer corroded.
You start resting.
HP restored.
You start waiting.
Done waiting.
You start waiting.
Done waiting.
There is a stone staircase leading down here.
You climb downwards.
Level annotation: Ijyb
There is a stone staircase leading up here.
Things that are here:
4 poisoned darts; a +0 club
There is an open door here.
There is an open door here.
Ijyb shouts!
You hear a shout!
There are monsters nearby!
Ijyb screams, "Me stronger than you!" Ijyb hits you with a +0 dagger.
There is an open door here.
There are monsters nearby!
You closely miss Ijyb. You headbutt Ijyb!
Ijyb is heavily wounded.
Ijyb zaps a wand.
The bolt of acid hits you!!!
Ouch! That really hurt!
* * * LOW HITPOINT WARNING * * *
Ijyb hits you but does no damage.
There are monsters nearby!
You are too injured to fight recklessly!
You are too injured to fight recklessly!
You are too injured to fight recklessly!
You closely miss Ijyb.
Ijyb is heavily wounded.
Ijyb zaps a wand.
The bolt of acid hits you!!
You die...

#.............#.#
#.............#.##############
#############.#...............
#...# #.################ #...#
#.##.............#
######...####.##...........<.#
#....'.......)##.............#
#.####...#######............g#
#.# #....'...@go.......<.....o
#.# #....#######..............
#.# #....#######..............
#.###..........######.#######.
#.#............# #..## #.
#.#.##.........# #...# #.
#.#............## #☼§.# #.
#.####..........# #○○§# #. #.#
##.#######.# #☼§☼# #.


You could see Ijyb and an orc.

Vanquished Creatures
  An adder (D:2)
  2 worms (D:2)
  A dart slug (D:2)
  3 bats
  9 endoplasms
  7 giant cockroaches
  3 goblins (D:2)
  2 hobgoblins
  5 jackals (D:1)
  A quokka (D:1)
  7 ball pythons
  3 frilled lizards
  7 kobolds
  2 rats
53 creatures vanquished.

Notes
Turn   | Place    | Note
-------+----------+-------------------------------------------
     0 | D:1      | cbfl8 the Minotaur Fighter began the quest for the Orb.
     0 | D:1      | Reached XP level 1. HP: 19/19 MP: 0/0
   561 | D:1      | Reached XP level 2. HP: 27/27 MP: 1/1
  1302 | D:2      | Reached XP level 3. HP: 33/33 MP: 2/2
  1794 | D:2      | Reached skill level 1 in Evocations
  2147 | D:2      | Reached XP level 4. HP: 40/40 MP: 3/3
  2330 | D:3      | Found a faded altar of an unknown god.
  2548 | D:3      | Found a shimmering blue altar of Sif Muna.
  2666 | D:3      | Noticed Ijyb
  3131 | D:3      | Killed from afar by Ijyb

Illustrated notes

Levels and vault maps discovered:
D:1:      dpeg_arrival_boxes_within_box, layout_loops_ring, serial_bayou_ford_a
D:2:      layout_loops_corners, chequers_serial_rivers_micro_b,
          nicolae_elevator_lobby_asterisk
D:3:      layout_basic, overflow_temple_1_default, nicolae_ecumenical_pavilion,
          lemuel_flame_loot_1, uniq_ijyb, uniq_jessica

Skill      XL: |  1  2  3 |
---------------+----------+-----
Armour         | 4 |  4.2
Shields        | 4 |  4.0
Axes           | 3 |  3.4
Evocations     | 1 |  1.1
Fighting       | |  3.9
Throwing       | |  0.4
Dodging        | |  0.8
Stealth        | |  0.1

Action                   |  1- 3 |  4- 6 || total
-------------------------+-------+-------++-------
Melee: War axe           |   116 |    18 ||   134
       Headbutt          |    11 |     2 ||    13
  Use: Scroll            |     1 |     1 ||     2
Armor: Scale mail        |    62 |     7 ||    69
Dodge: Dodged            |    44 |    11 ||    55
Block: Buckler           |    18 |     3 ||    21
